 Dungeon Crawl Stone Soup version 0.16.2-12-gd0ad4c3 (webtiles) character file.

375 musteatbrain the Cleaver (level 6, -1/56 HPs)
             Began as a Minotaur Berserker on Sept 27, 2015.
             Was a Priest of Trog.
             Killed from afar by an orc wizard (6 damage)
             ... with a magic dart
             ... summoned by a shadow trap
             ... triggered by a kobold
             ... on level 5 of the Dungeon.
             The game lasted 00:08:17 (3792 turns).

musteatbrain the Cleaver (Minotaur Berserker)       Turns: 3792, Time: 00:08:18

Health: -1/56      AC:  4    Str: 24    XL:     6   Next: 44%
Magic:  3/3        EV: 12    Int:  4    God:    Trog [***...]
Gold:   182        SH:  0    Dex:  9    Spells: 0 memorised, 5 levels left

rFire  . . .     SeeInvis .     a - +0 hand axe
rCold  + . .     Clarity  .     z - +0 leather armour
rNeg   . . .     SustAb   .     (no shield)
rPois  .         Gourm    .     (helmet restricted)
rElec  .         Spirit   .     (no cloak)
rCorr  .         Warding  .     (no gloves)
rMut   .         Stasis   .     q - +0 pair of boots
MR     ++...                    (no amulet)
Stlth  +.........               j - ring of protection from cold
                                i - +2 ring of slaying

@: regenerating, very resistant to hostile enchantments, very unstealthy
A: retaliatory headbutt, horns 2
a: Burn Spellbooks, Berserk, Trog's Hand, Renounce Religion


You were on level 5 of the Dungeon.
You worshipped Trog.
Trog was most pleased with you.
You were hungry.

You visited 1 branch of the dungeon, and saw 5 of its levels.

You collected 182 gold pieces.

Inventory:

Hand weapons
 a - a +0 hand axe (weapon)
Armour
 q - a +0 pair of boots (worn)
 z - a +0 leather armour (worn)
Jewellery
 i - a +2 ring of slaying (left hand)
 j - a ring of protection from cold (right hand)
Scrolls
 b - a scroll of enchant armour {unknown}
 d - 2 scrolls of amnesia {unknown}
 g - a scroll of enchant weapon {unknown}
 h - 3 scrolls of remove curse {unknown}
 l - a scroll of blinking {unknown}
 n - 2 scrolls of teleportation {unknown}
 o - a scroll of immolation {unknown}
 p - 4 scrolls of identify {unknown}
 u - 2 scrolls of fog {unknown}
 w - a scroll of random uselessness {unknown}
 y - 2 scrolls of noise {unknown}
 A - a scroll of magic mapping {unknown}
Potions
 m - 2 potions of curing {unknown}
 r - 2 potions of degeneration {unknown}
 s - a potion of lignification {unknown}
 v - a potion of invisibility {unknown}
 x - a potion of ambrosia {unknown}
 B - a potion of brilliance {unknown}
 C - a potion of poison {unknown}
 D - a potion of restore abilities {unknown}
Comestibles
 c - 5 bread rations
 f - a slice of pizza
 k - 2 meat rations
 t - 2 beef jerkies


   Skills:
 + Level 5.0 Fighting
 + Level 8.0 Axes
 - Level 2.4 Armour
 - Level 2.1 Dodging


You had 5 spell levels left.
You didn't know any spells.

Dungeon Overview and Level Annotations

Branches:
Dungeon (5/15)
 Temple: D:4-7

Altars:
Makhleb
Qazlal
Sif Muna
The Shining One

Shops:
D:5 (


Innate Abilities, Weirdness & Mutations

You reflexively headbutt those who attack you in melee.
You have a pair of horns on your head.


Message History

Something hits you.
You closely miss something.
You hear some strange, mumbled words.
The magic dart hits you!
You hear some strange, mumbled words.
The puff of flame misses you. The magic dart hits you!
Drink which item? (? for menu, Esc to quit)
Okay, then.
Use which ability? (? or * to list)
Your skin crawls.
You feel resistant to hostile enchantments.
You feel slightly more hungry. The magic dart hits you!
* * * LOW HITPOINT WARNING * * *
Use which ability? (? or * to list)
Okay, then.
The puff of flame hits you!
* * * LOW HITPOINT WARNING * * *
The magic dart hits you!
You die...

#.# #.# #. ###.#
#'###. #..<# #.....
#.#.## ##..... #
#(.##########....>.
##....##...##.#....
##.........>..#####
#............## #
#.@..........# ###
#............# #..
##..........## #.#
##...####### ###
##{## #Z# #K#


.Ko .KoK. You could see an orc, a ball python zombie and 2 kobolds.

Vanquished Creatures
  An ogre (D:4)
  A crimson imp (D:3)
  A hound (D:4)
  4 worker ants
  7 adders
  A giant mite (D:3)
  4 giant geckos
  7 orcs
  A bat skeleton (D:4)
  A giant cockroach (D:3)
  2 goblins
  3 hobgoblins
  5 jackals
  2 quokkas
  A ball python (D:3)
  10 bats
  5 giant newts
  10 kobolds
  9 rats
75 creatures vanquished.

Notes
Turn   | Place    | Note
--------------------------------------------------------------
     0 | D:1      | musteatbrain, the Minotaur Berserker, began the quest for the Orb.
     0 | D:1      | Reached XP level 1. HP: 19/19 MP: 1/1
   221 | D:1      | Reached skill level 4 in Axes
   539 | D:1      | Reached XP level 2. HP: 26/26 MP: 1/1
   899 | D:2      | Acquired Trog's second power
  1103 | D:2      | Reached skill level 5 in Axes
  1103 | D:2      | Reached XP level 3. HP: 29/31 MP: 2/2
  1147 | D:2      | Found a deep blue altar of Sif Muna.
  1211 | D:2      | Found a glowing golden altar of the Shining One.
  1322 | D:2      | Found a stormy altar of Qazlal.
  1976 | D:3      | Reached skill level 6 in Axes
  1976 | D:3      | Reached XP level 4. HP: 25/39 MP: 2/2
  2425 | D:3      | Reached XP level 5. HP: 32/45 MP: 2/2
  2570 | D:3      | Reached skill level 7 in Axes
  2942 | D:4      | Noticed an ogre
  2949 | D:4      | Killed an ogre
  3184 | D:4      | Found a burning altar of Makhleb.
  3391 | D:4      | Reached XP level 6. HP: 42/53 MP: 3/3
  3677 | D:5      | Entered Level 5 of the Dungeon
  3685 | D:5      | Reached skill level 5 in Fighting
  3747 | D:5      | Found Cunu Zab's Antique Weapon Shop.
  3755 | D:5      | Reached skill level 8 in Axes
  3792 | D:5      | Killed from afar by an orc wizard

Action                   |  1- 3 |  4- 6 || total
-------------------------+-------+-------++-------
Melee: Hand axe          |    75 |    84 ||   159
Invok: Trog's Hand       |       |     2 ||     2
       Berserk           |       |     1 ||     1
  Use: Potion            |       |     1 ||     1
  Eat: Chunk             |     1 |     2 ||     3
       Pizza             |     1 |       ||     1
       Meat ration       |       |     1 ||     1
